AoeStats
← Le Marquis

Arabia

507837385Analyzed
4v4 RM · 11d ago on Sep 19, 2026· 50m 26s· 8 players
Game mode
Random Map
Map size
Large (8 player)
Population
200
Speed
Normal
Resources
Standard
Victory
Conquest
Starting age
Dark Age
Ending age
Imperial Age
RankedLock teamsTeams togetherTeam positionsShared explorationLock speedFull tech treeHidden civsTurbo modeCheats
Victory
Defeat
🇫🇷 Sicilians · France
1205
+13
🇫🇷 Tatars · France
1182
+14
🇫🇷 Romans · France
1110
+17
🇫🇷 Bohemians · France
1040
+20
🇲🇽 Franks · Mexico
1405
-27
🇲🇽 Goths · Mexico
1169
-17
🇲🇽 Tupi · Mexico
1079
-14
🇨🇦 Cumans · Canada
860
-6
Pedrinks
3:18 Loom
11:29 Feudal Age
12:53 Double-Bit Axe
14:22 Horse Collar
22:29 Castle Age
20:24 Fletching
21:39 Padded Archer Armor
22:34 Gold Mining
24:06 Wheelbarrow
23:05 Crossbowman
24:19 Bow Saw
25:55 Bodkin Arrow
31:29 Leather Archer Armor
31:35 Hand Cart
33:35 Ballistics
36:42 Imperial Age
35:11 Gold Shaft Mining
34:28 Stone Mining
34:51 Treadmill Crane
35:08 Murder Holes
38:27 Ring Archer Armor
37:57 Bracer
38:21 Curare
38:37 Conscription
39:48 Hoardings
42:35 Elite Blackwood Archer
Rhonk
11:41 Feudal Age
12:23 Double-Bit Axe
13:18 Wheelbarrow
23:35 Castle Age
22:26 Padded Archer Armor
22:42 Gold Mining
23:17 Horse Collar
23:45 Stone Mining
23:55 Fletching
28:27 Heavy Plow
28:38 Bow Saw
29:43 Hand Cart
30:35 Gold Shaft Mining
29:27 Elite Skirmisher
36:24 Imperial Age
34:24 Steppe Husbandry
35:32 Bodkin Arrow
35:52 Leather Archer Armor
37:32 Town Watch
44:37 Ballistics
45:22 Chemistry
48:46 Town Patrol
Wachis
6:02 Loom
9:57 Feudal Age
8:16 Loom
10:01 Feudal Age
8:21 Loom
10:38 Double-Bit Axe
20:52 Forging
20:46 Gold Mining
25:56 Castle Age
25:24 Stone Mining
27:18 Gold Shaft Mining
28:03 Iron Casting
27:34 Scale Barding Armor
28:45 Fletching
29:11 Husbandry
33:15 Light Cavalry
39:09 Bodkin Arrow
42:00 Wheelbarrow
Luis_Sainz
0:29 Loom
12:03 Feudal Age
13:07 Double-Bit Axe
15:47 Man-at-Arms
18:37 Fletching
18:44 Man-at-Arms
24:16 Castle Age
25:32 Bow Saw
26:02 Wheelbarrow
24:58 Long Swordsman
26:43 Squires
27:31 Scale Mail Armor
28:28 Forging
30:34 Iron Casting
30:15 Chain Mail Armor
30:20 Pikeman
32:03 Hand Cart
34:58 Gold Mining
35:15 Horse Collar
38:55 Stone Mining
40:44 Anarchy
42:18 Heavy Plow
47:03 Imperial Age
46:12 Bodkin Arrow
47:10 Halberdier
48:14 Conscription
Heseldar
6:32 Loom
9:25 Feudal Age
13:57 Fletching
21:54 Castle Age
20:18 Horse Collar
20:26 Double-Bit Axe
20:43 Gold Mining
22:47 Bodkin Arrow
25:17 Bow Saw
25:09 Heavy Plow
25:34 Padded Archer Armor
27:39 Wheelbarrow
29:10 Leather Archer Armor
30:34 Hand Cart
32:09 Ballistics
33:22 Bloodlines
33:13 Husbandry
38:03 Imperial Age
38:18 Scale Barding Armor
38:24 Forging
38:08 Elite Steppe Lancer
40:19 Chain Barding Armor
40:35 Iron Casting
42:18 Plate Barding Armor
43:16 Blast Furnace
48:06 Bracer
48:37 Ring Archer Armor
49:10 Chemistry
48:36 Heavy Cavalry Archer
51:03 Scale Mail Armor
Prince_Ali
2:10 Loom
8:25 Loom
11:41 Feudal Age
17:20 Castle Age
15:46 Double-Bit Axe
15:56 Horse Collar
18:30 Bow Saw
18:21 Heavy Plow
19:36 Pikeman
22:50 Scale Mail Armor
23:33 Squires
23:49 Chain Mail Armor
27:31 Wheelbarrow
35:19 Imperial Age
35:05 Chemistry
35:27 Wagenburg Tactics
37:40 Hand Cart
38:56 Houfnice
39:41 Halberdier
40:53 Plate Mail Armor
40:34 Forging
42:31 Elite Hussite Wagon
43:53 Heavy Scorpion
46:01 Elite Hussite Wagon
47:02 Conscription
47:19 Iron Casting
46:56 Hussite Reforms
50:23 Onager
50:24 Capped Ram
Le Marquis
10:42 Feudal Age
10:52 Loom
21:48 Castle Age
20:05 Scale Mail Armor
20:56 Fletching
24:13 Double-Bit Axe
24:59 Scale Barding Armor
25:07 Forging
25:13 Chain Mail Armor
25:06 Squires
24:28 Man-at-Arms
25:37 Gold Mining
28:21 Wheelbarrow
28:17 Bodkin Arrow
27:53 Elite Skirmisher
30:19 Long Swordsman
31:38 Hand Cart
32:25 Gold Shaft Mining
35:45 Stone Mining
35:44 Horse Collar
41:04 Padded Archer Armor
41:40 Iron Casting
43:36 Light Cavalry
53:14 Imperial Age
Ashur
5:55 Loom
7:02 Loom
9:26 Feudal Age
10:02 Double-Bit Axe
13:27 Horse Collar
14:52 Arson
16:25 Fletching
20:16 Wheelbarrow
23:56 Castle Age
22:29 Scale Barding Armor
22:36 Forging
23:34 Bloodlines
25:05 Chain Barding Armor
25:00 Gold Mining
25:16 Scale Mail Armor
25:33 Heavy Plow
25:47 Bow Saw
26:31 Town Watch
28:15 Hand Cart
31:04 Masonry
37:48 Imperial Age
35:48 Bodkin Arrow
38:39 Cavalier
47:19 Stone Mining
47:53 Ballistics
48:54 Capped Ram
Connection lost

Rejoining the realm…

Still unreachable

The connection could not be restored.

Session expired

The server has moved on; the page needs a fresh start.